Cogmind - Beta 12 @@@ ROGUE MODE // 2023.11.23 @ 13:40:04 Player: Mozco Result: Self-destructed Performance ------------- Evolutions (7) 3500 Regions Visited (16) 3200 Robots Destroyed (69) 345 Value Destroyed (1705) 1705 Prototype IDs (31) 620 Alien Tech Used (0) 0 Bonus (300) 300 TOTAL SCORE: 9670 Bonus ------- Met Data Miner 300 Cogmind --------- Core Integrity 1275/1300 Matter 185/300 Energy 8/170 System Corruption 2% Temperature Warning (340) Movement Hovering (110) Ox1 Location -3/Research Parts ------- > --- POWER (2) -------- Light Neutrino Core > --- PROPULSION (4) --- Antigrav Array > --- UTILITY (13) ----- Large Storage Unit Enhanced Optical Array Advanced Sensor Array Advanced Launcher Guidance Computer Advanced Reaction Control System Improved Phase Shifter Improved Utility Shielding Improved Light Armor Plating Makeshift Hacking Suite Improved Hacking Suite Improved Hacking Suite Improved System Shield Advanced System Shield > --- WEAPON (2) ------- Quantum Rifle Quantum Rifle > --- INVENTORY (15) --- Advanced Medium Treads Advanced Medium Treads Biometal Leg Backup Propulsion III Advanced Gravity Neutralizer Experimental Signal Interpreter Quantum Capacitor Stasis Canceller Advanced ECM Suite Advanced Hacking Suite Hypervelocity Railgun Scatter Rocket Array Peak State ------------ > --- POWER ------------ Backup Power III Light Neutrino Core > --- PROPULSION ------- Antigrav Array Antigrav Array > --- UTILITY ---------- Large Storage Unit Advanced Gravity Neutralizer Enhanced Optical Array Advanced Sensor Array Experimental Signal Interpreter Advanced Launcher Guidance Computer Stasis Canceller Improved Utility Shielding Makeshift Hacking Suite Improved Hacking Suite Improved Hacking Suite Improved System Shield Advanced System Shield > --- WEAPON ----------- Quantum Rifle Quantum Rifle > --- INVENTORY -------- Biometal Leg Experimental Signal Interpreter Quantum Capacitor Advanced ECM Suite Advanced Reaction Control System Improved Phase Shifter Improved Light Armor Plating Advanced Hacking Suite Hypervelocity Railgun Scatter Rocket Array [Rating: 133] Favorites ----------- Power Micro Antimatter Reactor Engine Ion Engine Power Core Micro Fission Core Reactor Micro Antimatter Reactor Propulsion Nuclear Pulse Thruster Leg Biometal Leg Wheel Compact Wheel Hover Unit Hover Unit Flight Unit Nuclear Pulse Thruster Utility Makeshift Hacking Suite Device Advanced Sensor Array Storage Small Storage Unit Processor Enhanced Optical Array Hackware Makeshift Hacking Suite Protection Improved Utility Shielding Weapon Power Sword Energy Gun Quantum Rifle Energy Cannon Beam Cannon Ballistic Gun Light Assault Rifle Launcher Scatter Rocket Array Special Weapon Mining Laser Impact Weapon Hammer Slashing Weapon Power Sword Piercing Weapon Makeshift Spear Build | -11 -10 -10 -10 -9 -8 -7 -6 -6 -6 -5 -5 -5 -4 -4 -4 -3 ------- Run | Jun Mat Min Exi Min Mat Fac Fac Low Dat Pro Fac Ext Fac Upp Upp Res Slots Evolved 14 | . . . . . 4 2 2 . . . 2 . 2 . . 2 Power 1 | . . . . . . . . . . . . . 1 . . . Propulsion 2 | . . . . . 1 . . . . . 1 . . . . . Utility 11 | . . . . . 3 2 2 . . . 1 . 1 . . 2 Weapon . | . . . . . . . . . . . . . . . . . Parts Attached 180 | 8 9 5 3 6 16 16 28 2 . . 13 4 46 9 3 12 Power 18 | 2 2 . 1 . 2 1 2 . . . . . 6 . 1 1 Engine 8 | 2 2 . 1 . 2 . . . . . . . . . 1 . Core 7 | . . . . . . 1 1 . . . . . 4 . . 1 Reactor 3 | . . . . . . . 1 . . . . . 2 . . . Propulsion 48 | 2 2 4 . 4 6 . 8 . . . 7 1 9 . 2 3 Treads . | . . . . . . . . . . . . . . . . . Leg 1 | . . . . . . . . . . . . . . . . 1 Wheel 5 | 2 . . . 1 . . . . . . . . . . 2 . Hover 5 | . 2 1 . . . . . . . . . . . . . 2 Flight 37 | . . 3 . 3 6 . 8 . . . 7 1 9 . . . Utility 79 | 2 2 . 1 2 6 11 10 . . . 4 3 25 7 . 6 Device 49 | 1 . . 1 . 2 7 7 . . . 1 3 19 5 . 3 Storage 4 | 1 . . . 1 . . . . . . 1 . . . . 1 Processor 12 | . 2 . . 1 1 1 2 . . . 1 . 2 1 . 1 Hackware 8 | . . . . . 1 2 . . . . 1 . 4 . . . Protection 6 | . . . . . 2 1 1 . . . . . . 1 . 1 Artifact . | . . . . . . . . . . . . . . . . . Weapon 35 | 2 3 1 1 . 2 4 8 2 . . 2 . 6 2 . 2 Energy Gun 5 | 2 . . . . 1 . . . . . . . . 1 . 1 Energy Cannon 1 | . . 1 . . . . . . . . . . . . . . Ballistic Gun 2 | . 2 . . . . . . . . . . . . . . . Ballistic Cannon . | . . . . . . . . . . . . . . . . . Launcher 5 | . . . . . . . 1 1 . . . . 1 1 . 1 Special Weapon 1 | . 1 . . . . . . . . . . . . . . . Impact Weapon 2 | . . . . . 1 1 . . . . . . . . . . Slashing Weapon 14 | . . . . . . 2 4 1 . . 2 . 5 . . . Piercing Weapon 5 | . . . 1 . . 1 3 . . . . . . . . . Special Melee Weapon . | . . . . . . . . . . . . . . . . . Unidentified Prototypes 5 | . . . . . 1 . . . . . . . 3 . . 1 Corrupted Parts 2 | . . . . 1 . . . . . . . . . 1 . . System Corruption 2 | . . . . 1 . . . . . . . . . 1 . . Parts Lost 42 | . 1 6 . 1 5 . 2 . . . 5 5 11 2 3 1 Power 7 | . . 1 . . 1 . . . . . . 1 . 1 2 1 Propulsion 22 | . . 3 . 1 4 . 2 . . . 4 . 6 1 1 . Utility 7 | . . . . . . . . . . . 1 4 2 . . . Weapon 6 | . 1 2 . . . . . . . . . . 3 . . . Highest Loss Streak 7 | . 1 4 . 1 3 . 1 . . . 3 4 7 2 3 1 To Critical Strikes . | . . . . . . . . . . . . . . . . . Average Slot Usage (%) 87 | . 100 48 68 80 96 99 95 100 100 100 98 95 91 69 73 87 Engine 1 | . 14 . 4 14 8 . . . . . . . . . 1 4 Core 3 | . . . . . . 7 5 . . . . . 4 5 4 3 Reactor 2 | . . . . . . . . 6 6 6 5 5 4 1 . . Wheel 1 | . 19 . . . . . . . . . . . . . 3 3 Hover 1 | . 8 13 . . . . . . . . . . . . . 5 Flight 13 | . . 3 28 23 27 23 17 20 20 20 22 20 16 1 . . Device 12 | . 1 . 4 5 11 14 20 20 20 20 16 15 8 14 15 13 Storage 5 | . 14 14 9 8 9 7 6 6 6 6 4 5 5 . . 2 Processor 12 | . 12 14 14 14 9 7 10 13 13 13 11 17 16 11 10 11 Hackware 18 | . . . . . 9 22 20 20 20 20 21 17 22 26 26 23 Protection 1 | . . . . . 5 . 1 . . . . . . 3 5 4 Energy Gun 2 | . 16 . . . 5 . . . . . . . . 3 5 8 Slashing Weapon 4 | . . . . . . 4 4 4 6 6 10 11 9 . . . Piercing Weapon 2 | . . . 7 14 9 7 5 6 6 6 . . . . . . Naked Turns . | . . . . . . . . . . . . . . . . . Heaviest Build 52 | 15 15 8 7 11 16 17 22 26 21 21 22 26 31 26 20 52 Greatest Support 52 | 26 26 12 14 14 20 20 27 27 27 27 34 34 45 24 32 52 Greatest Overweight (x) 5 | 4 2 1 . 3 . . 1 . . . 1 1 1 5 1 1 Average Overweight (x) . | 1 . . . . . . . . . . . . . . . . Largest Inventory Capacity 15 | 8 8 8 8 8 8 8 8 8 8 8 8 8 8 5 5 15 Average Capacity 7 | 7 8 8 7 6 8 8 8 8 8 8 7 8 7 5 5 11 Most Carried 14 | 8 8 8 8 8 8 8 8 8 8 8 8 8 8 5 5 14 Average Carried 6 | 4 7 7 6 6 5 7 7 8 8 8 7 7 7 4 5 6 Final Capacity 15 | 8 8 8 5 8 8 8 8 8 8 8 8 8 5 5 5 15 Final Carried 13 | 6 8 6 5 7 8 8 8 8 8 8 7 7 4 5 5 13 Class Distribution -------------------- 26% | Hacker-Ninja 16% | Wizard-Scout 14% | Mutant 10% | Hacker-Sprinter 7% | Hacker-Scout 7% | Wizard-Ninja 4% | Wizard-Mutant 4% | Scavenger-Mutant 3% | Hacker-Mutant 3% | Hacker-Assassin Dominant Class ---------------- Mutant | -10/Materials Mutant | -10/Mines Mutant | -10/Exiles Mutant | -9/Mines Scavenger-Mutant | -8/Materials Hacker-Sprinter | -7/Factory Hacker-Ninja | -6/Factory Hacker-Ninja | -6/Lower Caves Hacker-Ninja | -6/Data Miner Hacker-Ninja | -5/Proximity Caves Hacker-Ninja | -5/Factory Hacker-Ninja | -5/Extension Hacker-Scout | -4/Factory Wizard-Scout | -4/Upper Caves Wizard-Mutant | -4/Upper Caves Wizard-Scout | -3/Research Resources | -11 -10 -10 -10 -9 -8 -7 -6 -6 -6 -5 -5 -5 -4 -4 -4 -3 ----------- Run | Jun Mat Min Exi Min Mat Fac Fac Low Dat Pro Fac Ext Fac Upp Upp Res Matter Collected 2044 | 208 207 54 . 85 . 85 491 40 . . 165 . 427 66 216 . Remotely . | . . . . . . . . . . . . . . . . . Salvage Created 2457 | 14 352 15 . 230 49 146 348 58 . . 384 . 525 93 243 . Parts 135 | 6 30 1 . 14 5 9 11 7 . . 30 . 21 . 1 . Haulers Intercepted 7 | . 2 . . . . . 2 . . . . . 3 . . . Recyclers Shooed 7 | . 3 . . 1 1 . 1 . . . 1 . . . . . Parts Field Recycled . | . . . . . . . . . . . . . . . . . Retrieved Matter . | . . . . . . . . . . . . . . . . . Parts Self-Destructed 10 | . . . . . . . . 3 . . . . . 7 . . Prevented 3 | . . . . . . . . 3 . . . . . . . . Kills | -11 -10 -10 -10 -9 -8 -7 -6 -6 -6 -5 -5 -5 -4 -4 -4 -3 ------- Run | Jun Mat Min Exi Min Mat Fac Fac Low Dat Pro Fac Ext Fac Upp Upp Res Combat Hostiles Destroyed 34 | . 6 1 . 3 3 1 4 4 . . 4 . 5 3 . . Melee 11 | . . . . 3 . 1 2 . . . 4 . 1 . . . Guns 12 | . 6 1 . . 3 . . . . . . . . 2 . . AOE 11 | . . . . . . . 2 4 . . . . 4 1 . . Classes Destroyed 14 | 1 6 . . 2 . 2 . . . . 1 . . 1 1 . Worker 3 | . . . . 2 . . 1 . . . . . . . . . Builder 1 | . 1 . . . . . . . . . . . . . . . Tunneler 1 | 1 . . . . . . . . . . . . . . . . Hauler 7 | . 2 . . . . . 2 . . . . . 3 . . . Recycler 3 | . . . . 2 . . . . . . 1 . . . . . Mechanic 1 | . . . . . . 1 . . . . . . . . . . Operator 7 | . 1 . . . 1 1 1 . . . 2 . 1 . . . Watcher 12 | . 3 . . . . 2 2 . . . 3 . 2 . . . Swarmer 21 | . 3 . . 3 3 . 4 4 . . . . 4 . . . Cutter 3 | . . . . . . . . . . . 3 . . . . . Grunt 5 | . 3 1 . . . . . . . . . . . 1 . . Hunter 2 | . . . . . . . . . . . . . . 2 . . Programmer 3 | . . . . . . 1 . . . . 1 . 1 . . . Decomposer 1 | . . . . . . . . . . . . . . . 1 . Packrat 2 | . . . . . . . . . . . . . . . 2 . Samaritan 2 | . . . . . . . . . . . . . . . 2 . Best Kill Streak 6 | 1 3 1 . 6 3 2 5 4 . . 3 . 4 1 . . Combat Bots Only 4 | . 3 1 . 3 3 1 4 4 . . 3 . 4 1 . . Max Kills in Single Turn 4 | 1 2 1 . 1 1 1 2 4 . . 1 . 4 1 1 . Gunslinging 1 | . 1 . . . . . . . . . . . . . . . Exploded 4 | . . . . . . . 2 4 . . . . 4 1 . . Melee 1 | . . . . 1 . 1 1 . . . 1 . 1 . . . Uniques/NPCs Destroyed . | . . . . . . . . . . . . . . . . . Combat | -11 -10 -10 -10 -9 -8 -7 -6 -6 -6 -5 -5 -5 -4 -4 -4 -3 -------- Run | Jun Mat Min Exi Min Mat Fac Fac Low Dat Pro Fac Ext Fac Upp Upp Res Damage Taken 4630 | . 409 284 . 110 440 79 482 56 . . 462 410 972 584 59 283 Core 1567 | . 82 63 . 56 155 28 270 . . . 182 93 356 257 . 25 Absorbed by Shields . | . . . . . . . . . . . . . . . . . Redirected to Shielding 106 | . . . . . 20 . 25 . . . . . . 47 . 14 Regen/Repaired (Parts) 242 | . . . . . . 34 56 . . . 112 . 40 . . . Core Remaining (%) 67 | 100 . . . 19 71 96 . . . 68 . 72 . . 46 . Volleys Fired 136 | 2 53 4 . . 8 . 1 1 . . . . 1 23 37 6 Largest 2 | 2 2 2 . . 1 . 1 1 . . . . 1 1 1 2 Hottest 188 | 90 90 120 . . 63 . 33 50 . . . . 50 94 94 188 Shots Fired 200 | 4 107 8 . . 8 . 1 1 . . . . 1 23 37 10 Gun 191 | 4 107 5 . . 8 . . . . . . . . 20 37 10 Cannon . | . . . . . . . . . . . . . . . . . Launcher 6 | . . . . . . . 1 1 . . . . 1 3 . . Special 3 | . . 3 . . . . . . . . . . . . . . Kinetic 52 | . 47 5 . . . . . . . . . . . . . . Thermal 122 | 2 42 3 . . 8 . . . . . . . . 20 37 10 Explosive 6 | . . . . . . . 1 1 . . . . 1 3 . . Electromagnetic 20 | 2 18 . . . . . . . . . . . . . . . Robot Hit Streak 13 | 1 11 8 . . 4 . 2 . . . . . . 5 13 7 Robot Miss Streak 6 | 2 6 1 . . 1 . . . . . . . . 5 2 2 Penetration Max . | . . . . . . . . . . . . . . . . . Secondary Targets 1 | . 1 . . . . . . . . . . . . . . . Max Gunslinging Chain 1 | . 1 . . . . . . . . . . . . . . . Shots Hit Robots 207 | 2 55 7 . 12 6 9 21 . . . 24 . 21 12 30 8 Core Hits 106 | 1 26 3 . 6 3 2 13 8 . . 8 . 11 15 9 1 Critical Kills . | . . . . . . . . . . . . . . . . . Critical Parts Destroyed 1 | . 1 . . . . . . . . . . . . . . . Critical Strikes 13 | . 6 . . . 1 1 2 . . . 1 . 2 . . . Burn 6 | . 5 . . . 1 . . . . . . . . . . . Destroy 1 | . 1 . . . . . . . . . . . . . . . Sever 6 | . . . . . . 1 2 . . . 1 . 2 . . . Melee Attacks 198 | . . . . 19 5 17 58 . . . 44 . 55 . . . Impact 6 | . . . . . 1 5 . . . . . . . . . . Slashing 143 | . . . . . . 8 36 . . . 44 . 55 . . . Piercing 49 | . . . . 19 4 4 22 . . . . . . . . . Sneak Attacks 22 | . . . . 5 1 1 4 . . . 3 . 8 . . . Combat Hostiles 1 | . . . . . . . . . . . . . 1 . . . Follow-up Attacks 18 | . . . . . . 2 6 . . . 5 . 5 . . . Damage Inflicted 8088 | 25 703 108 . 516 147 346 1142 301 . . 1305 . 1569 811 854 261 Guns 2139 | 25 600 41 . . 86 . . . . . . . . 272 854 261 Cannons . | . . . . . . . . . . . . . . . . . Explosions 1475 | . 103 . . . . . 239 301 . . . . 293 539 . . Melee 4407 | . . . . 516 61 346 903 . . . 1305 . 1276 . . . Ramming 19 | . . 19 . . . . . . . . . . . . . . Kinetic 249 | . 208 41 . . . . . . . . . . . . . . Thermal 1911 | 12 378 48 . . 86 . . . . . . . . 272 854 261 Explosive 1372 | . . . . . . . 239 301 . . . . 293 539 . . Electromagnetic 130 | 13 117 . . . . . . . . . . . . . . . Impact 101 | . . . . . . 101 . . . . . . . . . . Slashing 3560 | . . . . . . 223 756 . . . 1305 . 1276 . . . Piercing 746 | . . . . 516 61 22 147 . . . . . . . . . Highest Corruption 5 | . 3 4 4 5 . 1 . . . . . . . 1 1 2 Average Corruption 2 | . 2 3 4 4 . 1 . . . . . . . 1 1 1 Corruption Purged . | . . . . . . . . . . . . . . . . . Corruption Blocked 8 | . . . . . . . . . . . 1 . 6 1 . . Effects 29 | . 4 9 5 3 . . . . . . . . . 4 3 1 Message Errors 8 | . . 3 2 . . . . . . . . . . 3 . . Matter Fused 8 | . 3 2 . 1 . . . . . . . . . 1 1 . Heat Flow Errors 3 | . . . 2 . . . . . . . . . . . 1 . Energy Discharges 1 | . . . . 1 . . . . . . . . . . . . Parts Rejected 1 | . . . . . . . . . . . . . . . . 1 Data Loss (minor) 2 | . . 1 1 . . . . . . . . . . . . . Data Loss (major) 3 | . . 1 . 1 . . . . . . . . . . 1 . Misfires 2 | . 1 1 . . . . . . . . . . . . . . Alerts 1 | . . 1 . . . . . . . . . . . . . . Overload Shots . | . . . . . . . . . . . . . . . . . Overflow Damage 708 | . . . . 99 31 46 119 . . . 281 . 128 4 . . Projectiles . | . . . . . . . . . . . . . . . . . Explosions 19 | . . . . . . . . . . . . . 15 4 . . Melee 689 | . . . . 99 31 46 119 . . . 281 . 113 . . . Knockbacks . | . . . . . . . . . . . . . . . . . Impact . | . . . . . . . . . . . . . . . . . Kinetic . | . . . . . . . . . . . . . . . . . Secondary . | . . . . . . . . . . . . . . . . . Self-Inflicted Damage 243 | . 116 9 . . . . 25 28 . . . . 53 12 . . Shots 9 | . 3 . . . . . 1 1 . . . . 3 1 . . Rammed 2 | . . 2 . . . . . . . . . . . . . . Targets Rammed 2 | . . 2 . . . . . . . . . . . . . . Kicked . | . . . . . . . . . . . . . . . . . Crushed . | . . . . . . . . . . . . . . . . . Highest Temperature 397 | 40 138 208 196 . 167 . . . . . 9 2 47 397 227 340 Average Temperature 77 | 22 31 112 88 . 89 . . . . . 9 2 26 190 64 226 Received Heat Transfer 660 | . 84 183 . . 162 36 21 . . . 45 93 24 12 . . Effects 4 | . . . . . . . . . . . . . . 1 1 2 Shutdowns 2 | . . . . . . . . . . . . . . 1 . 1 Energy Bleed 1 | . . . . . . . . . . . . . . . 1 . Short Circuit 1 | . . . . . . . . . . . . . . . . 1 Siege Activations . | . . . . . . . . . . . . . . . . . Robots Corrupted . | . . . . . . . . . . . . . . . . . Combat Hostiles . | . . . . . . . . . . . . . . . . . Parts Fried 3 | . 1 . . . . 2 . . . . . . . . . . Impact Corruptions 2 | . . . . . . 2 . . . . . . . . . . Robots Melted . | . . . . . . . . . . . . . . . . . Combat Hostiles . | . . . . . . . . . . . . . . . . . Parts Melted 5 | . 1 . . . 3 . . . . . . . . . 1 . Heat Transferred 3469 | 37 1334 100 . . 259 . . . . . . . . 333 1110 296 Parts Sabotaged . | . . . . . . . . . . . . . . . . . Parts Stolen . | . . . . . . . . . . . . . . . . . Parts Stripped . | . . . . . . . . . . . . . . . . . Power Chain Reactions 2 | . 2 . . . . . . . . . . . . . . . Missiles Intercepted . | . . . . . . . . . . . . . . . . . Alert | -11 -10 -10 -10 -9 -8 -7 -6 -6 -6 -5 -5 -5 -4 -4 -4 -3 ------- Run | Jun Mat Min Exi Min Mat Fac Fac Low Dat Pro Fac Ext Fac Upp Upp Res Peak Influence 349 | 5 224 158 . 80 349 227 293 . . . 157 143 343 . . 44 Initial 156 | . 3 53 . . 31 156 110 . . . . 76 47 . . 6 Average 81 | . 94 93 . 61 193 111 81 . . . 70 93 80 . . 27 Maximum Alert Level 1 | . 1 . . . 1 1 1 . . . . . 1 . . . Low Security (%) 90 | 100 82 100 . 100 52 79 85 . . . 100 100 92 . . 100 Level 1 9 | . 17 . . . 47 20 14 . . . . . 7 . . . Level 2 . | . . . . . . . . . . . . . . . . . Level 3 . | . . . . . . . . . . . . . . . . . Level 4 . | . . . . . . . . . . . . . . . . . Level 5 . | . . . . . . . . . . . . . . . . . High Security . | . . . . . . . . . . . . . . . . . Max Security . | . . . . . . . . . . . . . . . . . Squads Dispatched 29 | . 2 . . . 3 4 6 . . . 6 1 6 . . 1 Investigation 12 | . 1 . . . 1 2 4 . . . . 1 3 . . . Extermination 8 | . . . . . . 2 1 . . . 2 . 2 . . 1 Reinforcement 9 | . 1 . . . 2 . 1 . . . 4 . 1 . . . Assault . | . . . . . . . . . . . . . . . . . Garrison . | . . . . . . . . . . . . . . . . . Intercept . | . . . . . . . . . . . . . . . . . Searches Triggered . | . . . . . . . . . . . . . . . . . Data Miner Redirects 2 | . . . . . . . . . . . . 1 1 . . . Construction Impeded . | . . . . . . . . . . . . . . . . . Haulers Reinforced 1 | . . . . . . . . . . . . . 1 . . . Active Scanning Responses . | . . . . . . . . . . . . . . . . . Cargo Convoy Interrupts . | . . . . . . . . . . . . . . . . . Stealth | -11 -10 -10 -10 -9 -8 -7 -6 -6 -6 -5 -5 -5 -4 -4 -4 -3 --------- Run | Jun Mat Min Exi Min Mat Fac Fac Low Dat Pro Fac Ext Fac Upp Upp Res Distress Signals 9 | . . . . . 2 1 3 . . . . . 3 . . . Communications Jammed . | . . . . . . . . . . . . . . . . . Distress Signals . | . . . . . . . . . . . . . . . . . Times Spotted 194 | . 14 9 . 3 26 11 28 4 . . 22 19 42 11 2 3 Peak Tracking Total 18 | . 4 5 . 3 9 3 5 4 . . 5 18 6 3 2 2 Tactical Retreats 40 | . 1 3 . . 4 2 9 . . . 5 . 11 5 . . Traps | -11 -10 -10 -10 -9 -8 -7 -6 -6 -6 -5 -5 -5 -4 -4 -4 -3 ------- Run | Jun Mat Min Exi Min Mat Fac Fac Low Dat Pro Fac Ext Fac Upp Upp Res Traps Triggered 12 | . 4 . . . . . 2 . . . . 3 2 . . 1 Indirectly . | . . . . . . . . . . . . . . . . . Trap Hack Attempts . | . . . . . . . . . . . . . . . . . Triggered . | . . . . . . . . . . . . . . . . . Disarmed . | . . . . . . . . . . . . . . . . . Reprogrammed 20 | . 6 . . . . . 9 . . . . . 5 . . . Reused 5 | . 3 . . . . . . . . . . . 2 . . . Traps Extracted . | . . . . . . . . . . . . . . . . . Installed . | . . . . . . . . . . . . . . . . . Triggered 9 | . 3 . . . . . . 1 . . . . 2 3 . . Machines | -11 -10 -10 -10 -9 -8 -7 -6 -6 -6 -5 -5 -5 -4 -4 -4 -3 ---------- Run | Jun Mat Min Exi Min Mat Fac Fac Low Dat Pro Fac Ext Fac Upp Upp Res Machines Disabled 3 | . 2 1 . . . . . . . . . . . . . . Max in Single Turn 2 | . 2 1 . . . . . . . . . . . . . . Garrison Access 10 | . . . . . 1 1 4 . . . 2 . 2 . . . Machines Repaired . | . . . . . . . . . . . . . . . . . Machines Sabotaged . | . . . . . . . . . . . . . . . . . Overloaded Fab Kills . | . . . . . . . . . . . . . . . . . Hacking | -11 -10 -10 -10 -9 -8 -7 -6 -6 -6 -5 -5 -5 -4 -4 -4 -3 --------- Run | Jun Mat Min Exi Min Mat Fac Fac Low Dat Pro Fac Ext Fac Upp Upp Res Machines Accessed 94 | . 4 1 1 . 4 7 28 . 4 . 17 3 21 . . 4 Terminals 57 | . 4 1 . . 3 5 16 . . . 12 3 12 . . 1 Fabricators 6 | . . . . . . . 3 . . . . . 3 . . . Repair Stations 7 | . . . . . . 1 2 . . . 1 . 2 . . 1 Recycling Units 2 | . . . . . . . . . . . . . 1 . . 1 Scanalyzers 7 | . . . . . . . 3 . . . 2 . 1 . . 1 Garrison Access 10 | . . . . . 1 1 4 . . . 2 . 2 . . . Total Hacks 403 | . 8 2 23 . 11 17 116 . 31 . 65 14 99 . . 17 Successful 273 | . 3 . 23 . 5 10 77 . 31 . 40 6 74 . . 4 Failed 128 | . 5 2 . . 6 7 38 . . . 25 8 24 . . 13 Catastrophic 12 | . 1 1 . . . 2 3 . . . 3 1 . . . 1 Database Lockouts 2 | . . . . . . . 1 . . . . . 1 . . . Manual 157 | . 5 . 5 . 10 2 46 . . . 28 10 46 . . 5 Terminals 261 | . 8 2 . . 10 14 83 . . . 53 14 75 . . 2 Fabricators 18 | . . . . . . . 10 . . . . . 8 . . . Repair Stations 17 | . . . . . . 2 4 . . . 4 . 4 . . 3 Recycling Units 14 | . . . . . . . . . . . . . 4 . . 10 Scanalyzers 27 | . . . . . . . 15 . . . 4 . 6 . . 2 Garrison Access 12 | . . . . . 1 1 4 . . . 4 . 2 . . . Terminal Hacks 166 | . 3 . 23 . 2 6 39 . 31 . 17 3 42 . . . Record 39 | . . . 23 . . . . . 11 . . 3 2 . . . Part Schematic 18 | . . . . . . 1 1 . 11 . 1 . 4 . . . Robot Schematic 6 | . . . . . . . . . 6 . . . . . . . Robot Analysis 20 | . 1 . . . 2 . 8 . . . 3 . 6 . . . Prototype ID Bank 10 | . 1 . . . . 1 2 . 3 . 1 . 2 . . . Open DSF 1 | . . . . . . . 1 . . . . . . . . . Level Access Points 1 | . . . . . . . . . . . . . 1 . . . Branch Access Points 2 | . . . . . . . 1 . . . . . 1 . . . Emergency Access Points 6 | . . . . . . 1 2 . . . 1 . 2 . . . Machine Index 3 | . . . . . . 1 1 . . . 1 . . . . . Terminal Index 1 | . . . . . . . . . . . . . 1 . . . Fabricator Index 1 | . . . . . . . . . . . . . 1 . . . Repair Station Index 1 | . . . . . . . . . . . . . 1 . . . Garrison Index 1 | . . . . . . . . . . . . . 1 . . . Alert Level 9 | . . . . . . 1 5 . . . 1 . 2 . . . Unreport Threat 7 | . . . . . . 1 4 . . . 1 . 1 . . . Locate Traps 3 | . . . . . . . 1 . . . . . 2 . . . Reprogram Traps 4 | . 1 . . . . . 2 . . . . . 1 . . . Dispatch Records 1 | . . . . . . . . . . . . . 1 . . . Extermination Status 1 | . . . . . . . . . . . 1 . . . . . Reinforcement Status 2 | . . . . . . . . . . . . . 2 . . . Recall Investigation 3 | . . . . . . . 1 . . . . . 2 . . . Recall Extermination 1 | . . . . . . . . . . . . . 1 . . . Recall Reinforcements 2 | . . . . . . . . . . . 1 . 1 . . . Hauler Manifests 2 | . . . . . . . 1 . . . 1 . . . . . Registered Components 1 | . . . . . . . 1 . . . . . . . . . Registered Prototypes 1 | . . . . . . . . . . . . . 1 . . . Zone Layout 19 | . . . . . . . 8 . . . 5 . 6 . . . Fabricator Hacks 13 | . . . . . . . 6 . . . . . 7 . . . Network Status 1 | . . . . . . . 1 . . . . . . . . . Load Schematic 5 | . . . . . . . 2 . . . . . 3 . . . Build 7 | . . . . . . . 3 . . . . . 4 . . . Repair Station Hacks 13 | . . . . . . 2 4 . . . 4 . 2 . . 1 Scan Component 6 | . . . . . . 1 2 . . . 2 . 1 . . . Repair 6 | . . . . . . 1 2 . . . 2 . 1 . . . Refit 1 | . . . . . . . . . . . . . . . . 1 Recycling Unit Hacks 5 | . . . . . . . . . . . . . 3 . . 2 Process 1 | . . . . . . . . . . . . . 1 . . . Report Inventory 2 | . . . . . . . . . . . . . 1 . . 1 Retrieve Matter 1 | . . . . . . . . . . . . . 1 . . . Retrieve Components 1 | . . . . . . . . . . . . . . . . 1 Scanalyzer 21 | . . . . . . . 11 . . . 4 . 6 . . . Insert Component 11 | . . . . . . . 6 . . . 2 . 3 . . . Analyze 10 | . . . . . . . 5 . . . 2 . 3 . . . Garrison Access Hacks 10 | . . . . . 1 1 4 . . . 2 . 2 . . . Seal Access 10 | . . . . . 1 1 4 . . . 2 . 2 . . . Unauthorized Hacks 45 | . . . . . 2 1 13 . . . 13 3 12 . . 1 Terminals 44 | . . . . . 2 1 13 . . . 13 3 12 . . . Assimilate 11 | . . . . . . . 5 . . . 2 2 2 . . . Botnet 33 | . . . . . 2 1 8 . . . 11 1 10 . . . Fabricators . | . . . . . . . . . . . . . . . . . Repair Stations . | . . . . . . . . . . . . . . . . . Recycling Units 1 | . . . . . . . . . . . . . . . . 1 Monitor 1 | . . . . . . . . . . . . . . . . 1 Scanalyzers . | . . . . . . . . . . . . . . . . . Garrison Access . | . . . . . . . . . . . . . . . . . Data Cores Recovered 3 | . . . . . . 1 . . . . 2 . . . . . Used 1 | . . . . . . . . . . . 1 . . . . . Hacking Detections 73 | . 4 1 . . 3 6 22 . . . 15 3 16 . . 3 Full Trace Events 13 | . 2 1 . . 1 2 4 . . . . . 3 . . . Feedback Events 2 | . . 1 . . . 1 . . . . . . . . . . Corruption 2 | . . 1 . . . 1 . . . . . . . . . . Feedback Blocked . | . . . . . . . . . . . . . . . . . Robot Schematics Acquired 6 | . . . . . . . . . 6 . . . . . . . Robots Built . | . . . . . . . . . . . . . . . . . Authchips . | . . . . . . . . . . . . . . . . . Time . | . . . . . . . . . . . . . . . . . Total Robot Build Rating . | . . . . . . . . . . . . . . . . . Part Schematics Acquired 26 | . . . . . . 1 5 . 11 . 3 . 6 . . . Parts Built 13 | . . . . . . . 6 . . . . . 7 . . . Authchips . | . . . . . . . . . . . . . . . . . Time 540 | . . . . . . . 206 . . . . . 334 . . . Total Part Build Rating 82 | . . . . . . . 36 . . . . . 46 . . . Parts Repaired 6 | . . . . . . 1 2 . . . 2 . 1 . . . Time 215 | . . . . . . 26 80 . . . 76 . 33 . . . Parts Recycled . | . . . . . . . . . . . . . . . . . Recycled Matter 335 | . . . . . . . . . . . . . 335 . . . Retrieved Matter 335 | . . . . . . . . . . . . . 335 . . . Retrieved Components 2 | . . . . . . . . . . . . . . . . 2 Parts Scanalyzed 10 | . . . . . . . 5 . . . 2 . 3 . . . Part Schematics Acquired 9 | . . . . . . . 4 . . . 2 . 3 . . . Parts Damaged 1 | . . . . . . . . . . . . . 1 . . . Bothacking | -11 -10 -10 -10 -9 -8 -7 -6 -6 -6 -5 -5 -5 -4 -4 -4 -3 ------------ Run | Jun Mat Min Exi Min Mat Fac Fac Low Dat Pro Fac Ext Fac Upp Upp Res Used RIF Installer . | . . . . . . . . . . . . . . . . . Robots Hacked . | . . . . . . . . . . . . . . . . . Non-combat . | . . . . . . . . . . . . . . . . . Combat . | . . . . . . . . . . . . . . . . . Robot Hacks Applied . | . . . . . . . . . . . . . . . . . Relay Couplers Released 4 | . . . . . . . . . . . . . 4 . . . Programmers 4 | . . . . . . . . . . . . . 4 . . . Fabnet Peak Effective % . | . . . . . . . . . . . . . . . . . Robots Rewired . | . . . . . . . . . . . . . . . . . Allies Hacked . | . . . . . . . . . . . . . . . . . Hacks Repelled . | . . . . . . . . . . . . . . . . . Allies | -11 -10 -10 -10 -9 -8 -7 -6 -6 -6 -5 -5 -5 -4 -4 -4 -3 -------- Run | Jun Mat Min Exi Min Mat Fac Fac Low Dat Pro Fac Ext Fac Upp Upp Res Total Allies 9 | . . . . . . . 1 . . 1 1 4 2 . . . Largest Group 3 | . . . . . . . 1 . . 1 1 3 2 . . . Highest-Rated Group 96 | . . . . . . . 26 . . 96 10 77 71 . . . Highest-Rated Ally 96 | . . . . . . . 26 . . 96 10 31 45 . . . Total Orders . | . . . . . . . . . . . . . . . . . Ally Attacks 15 | . . . . . . . . . . 7 . 8 . . . . Total Damage 322 | . . . . . . . . . . 181 . 141 . . . . Kills . | . . . . . . . . . . . . . . . . . Allies Corrupted . | . . . . . . . . . . . . . . . . . Allies Melted . | . . . . . . . . . . . . . . . . . Intel | -11 -10 -10 -10 -9 -8 -7 -6 -6 -6 -5 -5 -5 -4 -4 -4 -3 ------- Run | Jun Mat Min Exi Min Mat Fac Fac Low Dat Pro Fac Ext Fac Upp Upp Res Robot Analysis Total 20 | . 1 . . . 2 . 8 . . . 3 . 6 . . . Derelict Logs Recovered 4 | . . 1 . . . . . . . 2 . . . 1 . . Drone Launches . | . . . . . . . . . . . . . . . . . Drone Recoveries . | . . . . . . . . . . . . . . . . . Exploration | -11 -10 -10 -10 -9 -8 -7 -6 -6 -6 -5 -5 -5 -4 -4 -4 -3 ------------- Run | Jun Mat Min Exi Min Mat Fac Fac Low Dat Pro Fac Ext Fac Upp Upp Res Turns Passed 8127 | 96 607 365 166 150 218 343 1288 38 27 113 972 173 1651 1179 330 411 Spaces Moved 13471 | 51 527 589 428 105 463 875 2624 92 78 331 2089 434 3187 923 281 394 Core 482 | 28 . . . 9 . . . . . . . . . 338 107 . Treads . | . . . . . . . . . . . . . . . . . Legs . | . . . . . . . . . . . . . . . . . Wheels 668 | 23 329 . . . . . . . . . . . . . 174 142 Hover 913 | . 198 463 . . . . . . . . . . . . . 252 Flight 11408 | . . 126 428 96 463 875 2624 92 78 331 2089 434 3187 585 . . Fastest Speed 28 | 50 56 37 37 37 30 30 30 34 34 34 28 28 32 40 50 56 Average Speed 41 | 141 80 56 37 88 33 30 34 34 34 34 30 30 36 46 86 92 Slowest Speed 300 | 250 180 120 37 200 34 30 117 34 34 34 117 114 114 300 115 115 Overloaded Moves . | . . . . . . . . . . . . . . . . . Propulsion Burnouts . | . . . . . . . . . . . . . . . . . Robots Hopped 69 | . . 6 2 . 9 2 11 . . . 17 3 19 . . . Cave-ins Triggered . | . . . . . . . . . . . . . . . . . Exploration Rate (%) 48 | 4 80 96 92 11 50 18 58 19 74 59 45 54 57 77 19 11 Regions Visited 16 Branch Regions 9 Pre-discovered Areas 3 | . . 1 1 . . . . . 1 . . . . . . . Known Exits Taken 9 | . . . . . . . 1 1 1 1 1 1 1 1 1 . Unknown Exits Taken 7 | 1 1 1 1 1 1 1 . . . . . . . . . . Scrap Searched 6 | . . 1 . . . . . 1 . 2 . . . 2 . . Spaces Dug 77 | . . . . . 2 3 22 . . . 10 . 40 . . . Terrain Destroyed 157 | . 12 . . . 2 3 26 22 . . 10 . 40 37 5 . Melee 54 | . . . . . 2 3 22 . . . 10 . 17 . . . Projectile 8 | . . . . . . . . . . . . . . 3 5 . AOE 95 | . 12 . . . . . 4 22 . . . . 23 34 . . Terrain Rammed . | . . . . . . . . . . . . . . . . . Walls Destroyed . | . . . . . . . . . . . . . . . . . Machines Disabled . | . . . . . . . . . . . . . . . . . Actions | -11 -10 -10 -10 -9 -8 -7 -6 -6 -6 -5 -5 -5 -4 -4 -4 -3 --------- Run | Jun Mat Min Exi Min Mat Fac Fac Low Dat Pro Fac Ext Fac Upp Upp Res Total 15528 | 67 614 601 433 145 504 929 2945 94 77 330 2343 470 3567 1650 330 429 Wait 1401 | . 3 7 . 4 5 10 184 . . . 212 2 275 686 10 3 Move 13326 | 50 526 577 423 104 444 870 2601 91 77 330 2056 428 3153 922 280 394 Hop 60 | . . 5 2 . 9 2 11 . . . 15 2 14 . . . Pick Up 99 | 7 10 . 2 6 12 9 16 . . . 7 3 15 3 . 9 Fast Attach 65 | 5 5 1 2 2 3 3 9 . . . 7 . 15 5 3 5 Attach 53 | 2 1 3 . 2 9 4 11 . . . 5 2 9 3 . 2 Detach 17 | . 1 1 . . 2 1 7 . . . . . 2 2 . 1 Swap 62 | 1 3 1 1 2 4 9 8 2 . . 1 2 22 1 . 5 Drop 82 | . 12 . 3 6 4 7 18 . . . 3 3 17 5 . 4 Fire 136 | 2 53 4 . . 8 . 1 1 . . . . 1 23 37 6 Melee 161 | . . . . 19 4 14 43 . . . 37 . 44 . . . Ram 2 | . . 2 . . . . . . . . . . . . . . Kick . | . . . . . . . . . . . . . . . . . Crush . | . . . . . . . . . . . . . . . . . Escape Stasis 56 | . . . . . . . 36 . . . . 20 . . . . Rewire 8 | . . . . . . . . . . . . 8 . . . . Trap . | . . . . . . . . . . . . . . . . . Miscellaneous . | . . . . . . . . . . . . . . . . . Route ------- -11/Junkyard -10/Materials (discovered 4 exits: [*Mat x2] / *Min x2) -10/Mines (discovered 3 exits: [*Mat x2] / *Exi) -10/Exiles -9/Mines -8/Materials (discovered 2 exits: *Fac / [*Sto]) -7/Factory (discovered 4 exits: *Fac x2 / [*Low x2]) -6/Factory (discovered 5 exits: *Fac x3 / *Low x2) -6/Lower Caves -6/Data Miner -5/Proximity Caves -5/Factory (discovered 4 exits: *Fac x2 / [*Upp] / *Ext) -5/Extension -4/Factory (discovered 7 exits: Res x4 / *Upp x2 / Arm) -4/Upper Caves -4/Upper Caves -3/Research History --------- Turn | Location | Event 14 | -11/Junkyard | Discovered new exit (range 16) 97 | -11/Junkyard | Entered Materials 317 | -10/Materials | Build established: Mutant 440 | -10/Materials | Discovered new exit (range 9) 490 | -10/Materials | Discovered new exit (range 4) 621 | -10/Materials | Discovered new exit (range 13) 688 | -10/Materials | Discovered new exit (range 7) 704 | -10/Materials | Entered Mines 747 | -10/Mines | Met a Derelict bent on vengeance 755 | -10/Mines | Lost 4 parts (1p1n2w) 756 | -10/Mines | Learned location of Zion (-7) 785 | -10/Mines | Discovered new exit (range 10) 970 | -10/Mines | Discovered new exit (range 5) 1009 | -10/Mines | Core integrity fell below 50% 1068 | -10/Mines | Deemed a non-threat by the Exiles lab entrance 1068 | -10/Mines | Discovered new exit (range 5) 1069 | -10/Mines | Entered Exiles 1069 | -10/Exiles | Found Exiles lab destroyed 1126 | -10/Exiles | Opened EX-Vault 1128 | -10/Exiles | Found Prototype Ballistic Cannon 1231 | -10/Exiles | Discovered new exit (range 12) 1235 | -10/Exiles | Entered Mines 1242 | -9/Mines | Discovered new exit (range 9) 1263 | -9/Mines | Core integrity fell below 20% 1385 | -9/Mines | Entered Materials 1385 | -8/Materials | Evolved 4 slots: Propulsion x1, Utility x3 1430 | -8/Materials | Discovered new exit (range 6) 1597 | -8/Materials | Discovered new exit (range 16) 1603 | -8/Materials | Entered Factory 1603 | -7/Factory | Evolved 2 slots: Utility x2 1614 | -7/Factory | Discovered new exit (range 13) 1624 | -7/Factory | Lost 3 parts (1p2n) 1633 | -7/Factory | Discovered new exit (range 6) 1650 | -7/Factory | Discovered new exit (range 11) 1715 | -7/Factory | Repaired Hammer? 1862 | -7/Factory | Discovered new exit (range 4) 1879 | -7/Factory | Build established: Hacker-Sprinter 1946 | -7/Factory | Entered another Factory area 1946 | -6/Factory | Evolved 2 slots: Utility x2 1968 | -6/Factory | Identified exit to DSF 2120 | -6/Factory | Repaired Imp. VTOL Module? 2314 | -6/Factory | Repaired Nuclear Pulse Thruster 2350 | -6/Factory | Discovered new exit (range 7) 2817 | -6/Factory | Fabricated Nuclear Pulse Thruster (x2) 2885 | -6/Factory | Central database locked down 2885 | -6/Factory | Identified exit to Lower Caves 2975 | -6/Factory | Build established: Hacker-Ninja 3038 | -6/Factory | Fabricated Mic. Antimatter Reactor (x2) 3056 | -6/Factory | Fabricated Nuclear Pulse Thruster? 3154 | -6/Factory | Discovered new exit (range 8) 3179 | -6/Factory | Found Prototype Launcher 3184 | -6/Factory | Identified Scatter Rocket Array 3199 | -6/Factory | Discovered new exit (range 6) 3200 | -6/Factory | Identified exit to Factory 3234 | -6/Factory | Entered Lower Caves 3269 | -6/Lower Caves | A Derelict revealed a hidden shortcut to meet someone special 3272 | -6/Lower Caves | Identified exit to Data Miner 3272 | -6/Lower Caves | Entered Data Miner 3272 | -6/Data Miner | Discovered new exit (range 6) 3277 | -6/Data Miner | Met Data Miner 3285 | -6/Data Miner | Learned location of Section 7 (-3) 3285 | -6/Data Miner | Acquired the access code to Warlord's prototype stash 3291 | -6/Data Miner | Received God Mode back door access code from Data Miner 3298 | -6/Data Miner | Identified exit to Proximity Caves 3299 | -6/Data Miner | Entered Proximity Caves 3317 | -5/Proximity Caves | Escorted by Enhanced Grunt 3408 | -5/Proximity Caves | Learned Factory terminal intel 3409 | -5/Proximity Caves | Discovered exit to Factory (range 4) 3411 | -5/Proximity Caves | Learned Factory trap positions 3412 | -5/Proximity Caves | Entered Factory 3412 | -5/Factory | Evolved 2 slots: Propulsion x1, Utility x1 3413 | -5/Factory | Loaded intel: 97 trap records 3414 | -5/Factory | Loaded intel: 28 terminal locations 3444 | -5/Factory | Discovered new exit (range 15) 3483 | -5/Factory | Spotted B-75 Beast 3749 | -5/Factory | Discovered new exit (range 18) 3797 | -5/Factory | Discovered new exit (range 13) 3868 | -5/Factory | Repaired Sml. Storage Unit 3924 | -5/Factory | Repaired Adv. Sensor Array 3994 | -5/Factory | Identified exit to Factory 4252 | -5/Factory | Lost 3 parts (2n1u) 4382 | -5/Factory | Discovered new exit (range 6) 4383 | -5/Factory | Identified exit to Extension 4384 | -5/Factory | Entered Extension 4401 | -5/Extension | Rescued a captive Derelict 4402 | -5/Extension | Rescued a captive Derelict 4430 | -5/Extension | Spotted B-75 Beast 4466 | -5/Extension | Incoming investigation squad redirected 4520 | -5/Extension | Rescued a captive Derelict 4550 | -5/Extension | Spotted B-75 Beast 4556 | -5/Extension | Discovered exit to Factory (range 3) 4557 | -5/Extension | Entered Factory 4557 | -4/Factory | Evolved 2 slots: Power x1, Utility x1 4587 | -4/Factory | Lost 4 parts (1p3u) 4624 | -4/Factory | Incoming investigation squad redirected 4653 | -4/Factory | Fabricated Nuclear Pulse Thruster? 4759 | -4/Factory | Identified exit to Research 4759 | -4/Factory | Identified exit to Upper Caves 4759 | -4/Factory | Identified exit to Armory 4935 | -4/Factory | Build established: Hacker-Scout 4989 | -4/Factory | Central database locked down 5023 | -4/Factory | Found Prototype Slashing Weapon 5058 | -4/Factory | Identified Molecular Scythe 5061 | -4/Factory | P-80 Master assimilated allied Director 7a 5095 | -4/Factory | Found Prototype Processor 5095 | -4/Factory | Identified Exp. Signal Interpreter 5097 | -4/Factory | Found Exp. Signal Interpreter 5103 | -4/Factory | Lost 3 parts (1n1u1w) 5134 | -4/Factory | Fabricated Quantum Capacitor? 5447 | -4/Factory | Fabricated Q-thruster? 5591 | -4/Factory | Fabricated Adv. System Shield? 5928 | -4/Factory | Build established: Wizard-Ninja 5931 | -4/Factory | Repaired Broken Scatter Rocket Array 6208 | -4/Factory | Entered Upper Caves 6234 | -4/Upper Caves | Lost 7 parts (4n1u2w) 6241 | -4/Upper Caves | Attracted the attention of an 0b10 checkpoint 6245 | -4/Upper Caves | Encountered a Warlord checkpoint 6338 | -4/Upper Caves | Spotted B-86 Titan 6516 | -4/Upper Caves | Build established: Wizard-Scout 7325 | -4/Upper Caves | Core integrity fell below 50% 7379 | -4/Upper Caves | Learned 4 Research zone layouts 7382 | -4/Upper Caves | Discovered new exit (range 13) 7387 | -4/Upper Caves | Identified exit to Upper Caves 7387 | -4/Upper Caves | Entered another Upper Caves area 7462 | -4/Upper Caves | Discovered exit to Research (range 7) 7717 | -4/Upper Caves | Entered Research 7717 | -3/Research | Evolved 2 slots: Utility x2 7744 | -3/Research | Lost 3 parts (2p1n) 8053 | -3/Research | Found Quantum Capacitor 8128 | -3/Research | Self-destructed Last Messages --------------- 08056_ Acquired Quantum Rifle. 08064_ Triggered Stasis Trap. 08064_ A bubble of rippling energy engulfs the area. 08064_ Field strength at 93. 08066_ Stasis field depleted. 08072_ Acquired Adv. Hacking Suite. 08093_ Acquired Imp. Light Armor Plating. 08101_ Dropped Backup Propulsion III. 08102_ Acquired Antigrav Array. 08106_ Acquired Backup Propulsion III. 08108_ Acquired Adv. Medium Treads. 08115_ Destroyed Sml. Battery. 08119_ Backup Power III destroyed. 08121_ Exp. Signal Interpreter broken. 08121_ Overheating: Short circuit. 08121_ Discarded Broken Exp. Signal Interpreter. 08123_ System corrupted: Antigrav Array rejected. 08126_ Destroyed Adv. Remote Datajack. 08127_ Power failure, Lgt. Neutrino Core shutdown. [Achievement: I Think I Know What's Going On] Map ----- +----------------------------------------------------+ | ???????????????????????# # | | ???????????????????????# + | | ???????????????????????# # ######+#????####### | | ???????????????????????# # # ???????# | | ???????????????????????# # # ???????# | | ???????????????????????####### # """ ???????# " | | ?????????????????????????????# # """ ???????# " | | ?????????????????????????????# # """ ???????# " | | ?????????????????????????????# ???????????????# | | ?????????????????????????????# ???????????????# | | ?????????????????????????????# ???????????????# = | | ?????????????????????????????# #??????????????##+# | | ?????????????????????????????# #???????????????# # | | ?????????????????????????????# #???????????????# # | | ?????????????????????????????# #???????????????# # | | ???????????????????????????### #####+#?######### # | | ???????????????????????????? #?# # | | ?????????????????????????????# #?# # # | | ?????????????????????????????# #?# # # | | ?????????????????????????????# #??? # # | | ?????????????????????????????# #????? # # | | ??????????????????????######## ########+## # | | ??????????????????????# p/ # | | ??????????????????????#// p#+############## # | | ??????????????????????#/ # ?????# # # | | ??????????????????????#/ @ # ?????# + | | ??????????????????????# # ????# # | | ??????????????????????# # ????# # | | ??????????????????????######## ???# + | | ?????????????????????????????# ???# ### | | ?????????????????????????????######??#####????# | | ???????????????????????????????????????######## | | ???????????????????????????????????????# # | | ???????????????????????????????????????# [ # | | ???????????????????????????????????????# ! # | | ???????????????????????????????????????# ![ + | | ???????????????????????????????????????# ![ # | | ???????????????????????????????????????# ## # | | ???????????????????????????????????????#########+# | | ?????????????????????????????????????????????# | | ?????????????????????????????????????????????# | | ?????????????????????????????????????????????# ! | | ?????????????????????????????????????????????#!! | | ?????????????????????????????????????????????#! | | ?????????????????????????????????????????????##### | | ?????????????????????????????????????????????????? | | ?????????????????????????????????????????????????? | | ?????????????????????????????????????????????????? | | ?????????????????????????????????????????????????? | | ?????????????????????????????????????????????????? | +----------------------------------------------------+ Best States ------------- Heat Dissipation 46 Energy Generation 29 Energy Capacity 250 Matter Stores 300 Matter Capacity 300 Sight Range 22 Robot Scan Range 16 Terrain Scan Range 16 Terrain Scan Density 110 ECM Strength 2 Additional Mass Support 16 Corruption Block 7 Armor Coverage 150 Resistance: TH 20 Power Shielding 66 Propulsion Shielding 33 Utility Shielding 66 Phase Shifting 10 Evasion (%) 72 Launcher Accuracy 40 Target Analysis 8 Offensive Hacking 35 Defensive Hacking 26 Item Schematics ----------------- Imp. Melee Analysis Suite | -7/Factory | Hacked Nuclear Pulse Thruster | -6/Factory | Scanalyzed Corruption Screen | -6/Factory | Scanalyzed Adv. Weight Redist. System | -6/Factory | Scanalyzed Hacking Suite | -6/Factory | Scanalyzed Imp. Fusion Compressor | -6/Factory | Hacked Combat Drone Bay | -6/Data Miner | Free Lgt. Regenerative Plating | -6/Data Miner | Free Enh. Armored Leg | -6/Data Miner | Free Exp. Heat Sink | -6/Data Miner | Free Imp. Heavy Treads | -6/Data Miner | Free Adv. Focal Shield | -6/Data Miner | Free Cld. Plasma Rifle | -6/Data Miner | Free Force Lance | -6/Data Miner | Free Lgt. Antimatter Reactor | -6/Data Miner | Free Graphene Brace | -6/Data Miner | Free Biometal Medium Treads | -6/Data Miner | Free Mic. Antimatter Reactor | -5/Factory | Scanalyzed Field Propulsion Drive | -5/Factory | Hacked Stasis Canceller | -5/Factory | Scanalyzed Q-thruster | -4/Factory | Hacked Adv. Hacking Suite | -4/Factory | Hacked Adv. System Shield | -4/Factory | Hacked Adv. ECM Suite | -4/Factory | Scanalyzed Scatter Rocket Array | -4/Factory | Scanalyzed Imp. Heat Sink | -4/Factory | Scanalyzed Robot Schematics ------------------ L-41 Fighter | -6/Data Miner | Free S-27 Virus | -6/Data Miner | Free H-66 Slayer | -6/Data Miner | Free M-22 Extractor | -6/Data Miner | Free R-10 Processor | -6/Data Miner | Free E-15 Imp | -6/Data Miner | Free Fabricated ------------ Nuclear Pulse Thruster | x2 | -6/Factory Mic. Antimatter Reactor | x2 | -6/Factory | Preloaded Nuclear Pulse Thruster | x2 | -6/Factory Nuclear Pulse Thruster | x2 | -4/Factory Quantum Capacitor | x2 | -4/Factory | Preloaded Q-thruster | x2 | -4/Factory Adv. System Shield | x1 | -4/Factory Alien Tech Used ----------------- None Achievements -------------- I Think I Know What's Going On Production Line Challenges ------------ None Game ------ Seed GlidesysSegregatorCorpse Manual? 0 Play Time 03:57:18 Cumulative 50.4 hours Start 2023.11.23 @ 02:12:14 End 2023.11.23 @ 13:40:04 Sessions 3 Manual Loads 0 Difficulty Rogue Special Mode None Game No. 47 Rogue 44 Adventurer 3 Explorer 0 Win Type - Total 0 Types 0/0/0/0/0/0/0/0/0 Lore% 50 Gallery% 47 Achievement% 40 Wizard Run 0 Options --------- ASCII 0 Keyboard 0 Movement Mouse Keybinds 0 Fullscreen 2 Font 18/SmallcapsGlow Map View 76x50 Tactical HUD 1 Map Filters NONE Filters NONE Steam 1 RUN: ce520106-6313-4813-9d06-1c1a227e3106